 Dungeon Crawl Stone Soup version 0.23.2-1-ga50397a6bc (webtiles) character file.

Game seed: 1345955141038266075

2618 HuneSparrow the Carver (level 9, -2/112 HPs)
             Began as a Minotaur Fighter on Apr 15, 2019.
             Was a Follower of Makhleb.
             Slain by a soldier ant (5 damage)
             ... on level 7 of the Dungeon.
             The game lasted 00:14:39 (6286 turns).

HuneSparrow the Carver (Minotaur Fighter)           Turns: 6286, Time: 00:14:40

Health: -2/112     AC:  8    Str: 30      XL:     9   Next: 34%
Magic:  8/8        EV: 10    Int:  5      God:    Makhleb [*.....]
Gold:   446        SH: 11    Dex:  8 (9)  Spells: 8/8 levels left

rFire    + . .     SeeInvis .   a - +0 long sword
rCold    . . .     Gourm    .   c - +0 shield
rNeg     . . .     Faith    .   b - +0 scale mail
rPois    .         Spirit   .   (helmet restricted)
rElec    .         Reflect  .   (no cloak)
rCorr    .         Harm     .   (no gloves)
MR       +....                  (no boots)
Stlth    ..........             d - amulet of rage
HPRegen  0.28/turn              n - ring of protection from fire
MPRegen  0.11/turn              B - ring of protection from magic

@: berserking, very quick
A: retaliatory headbutt, horns 2
a: Renounce Religion, Evoke Berserk Rage


You were on level 7 of the Dungeon.
You worshipped Makhleb.
Makhleb was aware of your devotion.
You were hungry.

You visited 1 branch of the dungeon, and saw 7 of its levels.

You collected 446 gold pieces.

Inventory:

Hand Weapons
 a - a +0 long sword (weapon)
Armour
 b - a +0 scale mail (worn)
 c - a +0 shield (worn)
Jewellery
 d - an amulet of rage (around neck)
 n - a ring of protection from fire (left hand)
 p - an uncursed ring of protection from cold
 B - a ring of protection from magic (right hand)
Scrolls
 j - 3 scrolls of teleportation
 k - 4 scrolls of identify {unknown}
 l - 2 scrolls of enchant armour {unknown}
 m - 4 scrolls of remove curse
 o - a scroll of enchant weapon {unknown}
 r - a scroll of fog {unknown}
 t - 4 scrolls of amnesia
 v - 2 scrolls of blinking {unknown}
 x - a scroll of fear {unknown}
 y - a scroll of noise {unknown}
Potions
 e - 2 potions of agility {unknown}
 g - a potion of brilliance {unknown}
 h - a potion of flight {unknown}
 i - 3 potions of degeneration {unknown}
 q - a potion of ambrosia {unknown}
 s - 2 potions of heal wounds {unknown}
 u - a potion of haste
 w - 2 potions of might
 z - a potion of invisibility {unknown}
 A - a potion of curing {unknown}
 D - a potion of magic {unknown}
 E - a potion of resistance {unknown}
Comestibles
 f - 8 rations


   Skills:
 + Level 5.9 Fighting
 * Level 10.5 Long Blades
 + Level 7.5 Armour
 + Level 3.8 Dodging
 + Level 7.2 Shields
 + Level 0.3 Evocations


You had 8 spell levels left.
You didn't know any spells.
Your spell library was empty.

Dungeon Overview and Level Annotations

Branches:
Dungeon (7/15)             Temple (0/1) D:7

Altars:
Cheibriados
Elyvilon
Hepliaklqana
Makhleb
Nemelex Xobeh
The Shining One

Shops:
D:5 [


Innate Abilities, Weirdness & Mutations

You reflexively headbutt those who attack you in melee.
You have a pair of horns on your head.


Message History

The quasit is almost dead.
The quasit barely misses you. You furiously retaliate!
You headbutt the quasit!!
You kill the quasit!
Makhleb accepts your kill.
The centaur shoots an arrow.
The arrow hits you!
* * * LOW HITPOINT WARNING * * *
You slash the leopard gecko!
You kill the leopard gecko!
Makhleb accepts your kill.
You can now gain health from killing.
The centaur shoots an arrow.
You block the arrow.
The centaur unwields a +0 shortbow.
The centaur hits you.
* * * LOW HITPOINT WARNING * * *
The soldier ant stings you!
* * * LOW HITPOINT WARNING * * *
There is an open door, spattered with blood here.
You see here a leopard gecko corpse.
You barely miss the centaur. You block the centaur's attack.
The soldier ant stings you.
You die...

..# #.#...##...#.. ...#. ..#
#...###...##..## #..### ..#
#...#.#รท#.#...l.###...# ..#####
##.##...#####.....#..# #.....#
#.#......#.###...al.##.# #####.#
###..#..##...###W5Z# #.# # #.#
#......#...(.5#(#.# #.# #
#.#######..(##(.#.(((.# # #.#
#####.......###(@cW.###..## #.#
........##### ###a.###...# #.#
.####...# #.....#..## #.# .#
#...# ###......# #.#
.####...####### ###...########..
.##...........########.###...###.
.##.###.#####.......####...#.....
.##.# #.# ######.#.# ###.......
.##.# #.# #.#.# ####.###


You could see a hungry ghost, a soldier ant and a centaur.

Vanquished Creatures
  Pikel (D:3)
  Grinder (D:5)
  Prince Ribbit (D:5)
  A hungry ghost (D:7)
  A water moccasin (D:7)
  2 ice beasts
  A slave (D:3)
  A phantom (D:4)
  2 centaurs
  2 bullfrogs
  2 scorpions
  2 crimson imps
  A centaur zombie (D:5)
  3 quasits
  A hound (D:6)
  4 orc priests
  2 jellies (D:6)
  2 orc wizards
  An iguana (D:7)
  4 worker ants
  2 worker ant zombies (D:5)
  4 gnolls (D:6)
  12 adders
  A shadow imp (D:6)
  4 worms
  2 dart slugs
  7 leopard geckos
  24 orcs
  7 giant cockroaches
  4 goblins
  3 hobgoblins
  8 jackals
  8 kobolds
  A quokka (D:5)
  A ball python (D:2)
  9 bats
  3 frilled lizards
  3 rats
138 creatures vanquished.

Vanquished Creatures (others)
  A worker ant (D:4)
  An adder skeleton (D:4)
2 creatures vanquished.

Grand Total: 140 creatures vanquished

Notes
Turn   | Place    | Note
-------+----------+-------------------------------------------
     0 | D:1      | HuneSparrow the Minotaur Fighter began the quest for the
                  | Orb.
     0 | D:1      | Reached XP level 1. HP: 19/19 MP: 0/0
   170 | D:1      | Reached XP level 2. HP: 23/27 MP: 1/1
   463 | D:1      | Reached skill level 3 in Long Blades
   707 | D:2      | Reached XP level 3. HP: 33/33 MP: 2/2
  1532 | D:3      | Found a faded altar of an unknown god.
  1533 | D:3      | Reached XP level 4. HP: 40/40 MP: 3/3
  1875 | D:3      | Reached skill level 4 in Long Blades
  2497 | D:4      | Noticed Pikel
  2497 | D:4      | Noticed a slave
  2501 | D:4      | Noticed a slave
  2501 | D:4      | Noticed a slave
  2502 | D:4      | Noticed a slave
  2512 | D:3      | Killed a slave
  2530 | D:3      | Killed Pikel
  2530 | D:3      | Reached skill level 6 in Long Blades
  2530 | D:3      | Reached skill level 5 in Armour
  2530 | D:3      | Reached skill level 5 in Shields
  2530 | D:3      | Reached XP level 5. HP: 15/47 MP: 4/4
  2530 | D:3      | Reached XP level 6. HP: 17/53 MP: 5/5
  2530 | D:3      | Reached XP level 7. HP: 19/60 MP: 6/6
  2886 | D:4      | You fall through a shaft for 2 floors!
  3157 | D:6      | Reached skill level 7 in Long Blades
  3601 | D:6      | Reached XP level 8. HP: 63/67 MP: 7/7
  3631 | D:6      | Reached skill level 5 in Fighting
  3682 | D:5      | Entered Level 5 of the Dungeon
  3771 | D:5      | Reached skill level 8 in Long Blades
  3904 | D:5      | Found Areseguf's Antique Armour Shoppe.
  3985 | D:5      | Noticed Grinder
  3993 | D:5      | Killed Grinder
  4059 | D:5      | Noticed Prince Ribbit
  4077 | D:5      | Killed Prince Ribbit
  4077 | D:5      | Reached skill level 9 in Long Blades
  4467 | D:4      | Found a glowing golden altar of the Shining One.
  4671 | D:4      | Found a hazy altar of Hepliaklqana.
  4673 | D:4      | Found a white marble altar of Elyvilon.
  5367 | D:6      | Found a burning altar of Makhleb.
  5376 | D:6      | Became a worshipper of Makhleb the Destroyer
  5432 | D:7      | Found a staircase to the Ecumenical Temple.
  5544 | D:7      | Found a sparkling altar of Nemelex Xobeh.
  5564 | D:7      | Reached XP level 9. HP: 59/74 MP: 8/8
  5667 | D:7      | Found a snail-covered altar of Cheibriados.
  5702 | D:7      | Reached skill level 10 in Long Blades
  6284 | D:7      | Reached * piety under Makhleb
  6285 | D:7      | HP: 2/112 [soldier ant (10)]
  6286 | D:7      | Slain by a soldier ant

Skill      XL: |  1  2  3  4  5  6  7  8  9 |
---------------+----------------------------+-----
Shields        | 4 5 6 7 |  7.2
Long Blades    | 3 6 7 9 10 | 10.5
Fighting       | 4 5 |  5.9
Armour         | 4 5 6 7 |  7.5
Dodging        | 2 3 |  3.8
Evocations     | |  0.3

Action                   |  1- 3 |  4- 6 |  7- 9 || total
-------------------------+-------+-------+-------++-------
Melee: Long sword        |    92 |    83 |   287 ||   462
       Headbutt          |    13 |    18 |    67 ||    98
 Abil: Evoke Berserk Rag |       |       |     2 ||     2
  Use: Potion            |       |     1 |       ||     1
       Scroll            |       |       |     3 ||     3
  Eat: Chunk             |     2 |     3 |    17 ||    22
       Ration            |       |       |     1 ||     1
Armor: Scale mail        |    49 |    37 |    72 ||   158
Dodge: Dodged            |    28 |    34 |    82 ||   144
Block: Shield            |    47 |    52 |   129 ||   228
       Rpst.: Long sword |     6 |     8 |    29 ||    43
